 Dungeon Crawl Stone Soup version 0.31.0-12-g77e489cdc1 (webtiles) character file.

Game seed: 559842059314096728

34 Silvore the Trooper (level 3, 0/29 HPs)
             Began as a Demonspawn Fighter on Feb 12, 2024.
             Slain by a gnoll
             ... wielding a +0 spear
              (3 damage)
             ... on level 2 of the Dungeon.
             The game lasted 00:01:07 (835 turns).

Silvore the Trooper (Demonspawn Fighter)             Turns: 835, Time: 00:01:07

Health: 0/29       AC:  6    Str: 24    XL:     3   Next: 14%
Magic:  3/3        EV:  9    Int:  8    God:
Gold:   75         SH:  4    Dex: 12    Spells: 2/2 levels left

rFire   . . .        a - +0 long sword
rCold   . . .        c - +0 buckler
rNeg    . . .        b - +0 scale mail
rPois   .            (no helmet)
rElec   .            (no cloak)
rCorr   .            (no gloves)
SInv    .            (no boots)
Will    .....        (no amulet) Stlth
                     f - +6 ring of strength
HPRegen 0.24/turn    (no ring)
MPRegen 0.08/turn

%: no passive effects
@: mighty
A: hooves 1, weakness stinger 1
a: no special abilities


You were on level 2 of the Dungeon.
You visited 1 branch of the dungeon, and saw 2 of its levels.

You collected 75 gold pieces.

Inventory:

Hand Weapons
 a - a +0 long sword (weapon)
Armour
 b - a +0 scale mail (worn)
 c - a +0 buckler (worn)
Jewellery
 f - a +6 ring of strength (left hand)
Scrolls
 g - a scroll of enchant weapon {unknown}
 h - a scroll of poison {unknown}
Potions
 d - a potion of might
 e - a potion of lignification
 j - a potion of brilliance


   Skills:
 + Level 3.5 Fighting
 + Level 2.2 Long Blades
 + Level 2.9 Armour
 + Level 3.0 Shields


You had 2 spell levels left.
You didn't know any spells.
Your spell library contained the following spells:

 Spells                   Type           Power      Damage    Failure   Level
 Shock                    Conj/Air       0%         1d3       77%         1
 Swiftness                Air            0%         N/A       98%         3
 Tukima's Dance           Hex            0%         N/A       98%         3
 Airstrike                Air            0%         2d(0-16)  100%        4
 Dimensional Bullseye     Hex/Tloc       0%         N/A       100%        4
 Iskenderun's Mystic Bla  Conj/Tloc      0%         2d3       100%        4


Dungeon Overview and Level Annotations

Branches:
Dungeon (2/15)

Altars:


Innate Abilities, Weirdness & Mutations

You have large cloven feet.
You have a small tail.


Message History

The rat closely misses you. The gnoll barely misses you.
The rat closely misses you.
The gnoll hits you from afar with a +0 spear.
The hobgoblin attacks as it pursues you!
The hobgoblin misses you.
The hobgoblin attacks as it pursues you!
You block the hobgoblin's attack.
You hit the hobgoblin but do no damage. The hobgoblin barely misses you.
The hobgoblin hits you.
You closely miss the hobgoblin. Your kick misses the hobgoblin.
You block the gnoll's attack.
The hobgoblin hits you but does no damage.
The gnoll hits you but does no damage.
You hit the hobgoblin but do no damage.
Your tail-slap misses the hobgoblin.
The hobgoblin barely misses you.
The gnoll hits you from afar with a +0 spear.
You barely miss the hobgoblin. You kick the hobgoblin.
You kill the hobgoblin!
The gnoll hits you from afar with a +0 spear.
You hit the giant cockroach.
You kill the giant cockroach!
The gnoll hits you from afar with a +0 spear. x2
You barely miss the rat. Your kick misses the rat.
The rat twitches its whiskers.
The rat bites you but does no damage.
The gnoll hits you from afar with a +0 spear.
The rat barely misses you.
You hit the rat.
You kill the rat!
The gnoll hits you but does no damage.
You hit the gnoll. Your kick misses the gnoll.
The gnoll is moderately wounded.
The gnoll hits you with a +0 flail.
* * * LOW HITPOINT WARNING * * *
The gnoll hits you from afar with a +0 spear.
* * * LOW HITPOINT WARNING * * *
You block the gnoll's attack.
You feel very mighty all of a sudden.
The gnoll hits you from afar with a +0 spear.
You die...

... ........ ... ......
#.####... .# #.##.#.# .#
##.#.#.[# ##.##
###...###.###### #...#
.....## ##.....#####...###
###...###.###.#.##g......#
##...#.###.###@g.......#
###..## ##.#.##.......#
#).# ##.#####..)..... #..#
### #.......# #..#
####..... #..####### #.###
#......... .# #..####### #
#..#


You could see 2 gnolls.

Vanquished Creatures
  A dart slug (D:1)
  3 endoplasms (D:1)
  4 giant cockroaches
  4 goblins
  3 hobgoblins
  A quokka (D:1)
  3 ball pythons (D:1)
  2 bats (D:1)
  2 kobolds (D:1)
  6 rats
29 creatures vanquished.

Notes
Turn   | Place    | Note
-------+----------+-------------------------------------------
     0 | D:1      | Silvore the Demonspawn Fighter began the quest for the Orb.
     0 | D:1      | Reached XP level 1. HP: 18/18 MP: 1/1
   114 | D:1      | Discovered your monstrous ancestry.
   114 | D:1      | Gained mutation: You have large cloven feet. [demonic
                  | ancestry]
   114 | D:1      | Reached XP level 2. HP: 21/24 MP: 2/2
   788 | D:2      | Gained mutation: You have a small tail. [demonic ancestry]
   788 | D:2      | Reached XP level 3. HP: 27/29 MP: 3/3
   835 | D:2      | Slain by a gnoll

Illustrated notes

Levels and vault maps discovered:
D:1:      sevenhm_arrival_forest_fort_small_4, layout_basic,
          nicolae_figureground_sparkle
D:2:      layout_loops_ring, minivault_4, uniq_sigmund

Skill      XL: |  1  2  3 |
---------------+----------+-----
Long Blades    | 2 |  2.2
Shields        | 3 |  3.0
Fighting       | |  3.5
Armour         | |  2.9

Action                     || total
---------------------------++-------
  Melee: Long sword        ||    87
         Kick              ||    12
         Tailslap          ||     1
    Use: Scroll            ||     4
         Potion            ||     1
 Armour: Scale mail        ||    56
  Dodge: Dodged            ||    51
  Block: Buckler           ||    27
